 Dungeon Crawl Stone Soup version 0.26-a0-937-g67df3f2acb (webtiles) character file.

Game seed: 357507158413684947

359 Descartes the Covert (level 6, -16/28 HPs)
             Began as a Felid Delver on Nov 27, 2020.
             Blown up by Ijyb (21 damage)
             ... with a disintegration bolt
             ... on level 3 of the Dungeon.
             The game lasted 00:09:45 (4051 turns).

Descartes the Covert (Felid Delver)                 Turns: 4051, Time: 00:09:46

Health: -16/28     AC:  2    Str: 10    XL:     6   Next: 37%
Magic:  7/7        EV: 22    Int: 12    God:
Gold:   156        SH:  0    Dex: 17    Spells: 5/5 levels left
                                        Lives:  0   Deaths: 1

rFire    . . .     SeeInvis +     - Unarmed
rCold    . . .     Faith    .   (shield unavailable)
rNeg     + . .     Spirit   .   (armour unavailable)
rPois    +         Reflect  .   (helmet unavailable)
rElec    .         Harm     .   (cloak unavailable)
rCorr    .         Rampage  .   (gloves unavailable)
MR       .....                  (boots unavailable)
Stlth    +++++.....             (no amulet)
HPRegen  0.09/turn              v - ring of poison resistance
MPRegen  0.10/turn              t - ring of positive energy

@: quick
A: very small, no armour, no weapons or thrown items, stealth, claws 1, fangs 3,
see invisible, speed 1, shaggy fur 2, sharp paws
a: no special abilities


You were on level 3 of the Dungeon.
You visited 2 branches of the dungeon, and saw 6 of its levels.

You collected 156 gold pieces.

Inventory:

Missiles
 p - 112 stones
 u - 23 arrows
Jewellery
 q - an uncursed ring of wizardry
 t - a ring of positive energy (right paw)
 v - a ring of poison resistance (left paw)
Wands
 e - a wand of digging (5)
Scrolls
 a - 2 scrolls of fog
 b - 3 scrolls of magic mapping
 c - a scroll of fear
 d - 6 scrolls of identify {unknown}
 f - a scroll of immolation {unknown}
 h - 2 scrolls of amnesia {unknown}
 l - 2 scrolls of remove curse {unknown}
 n - a scroll of noise {unknown}
 r - a scroll of teleportation {unknown}
 s - a scroll of blinking {unknown}
Potions
 g - 2 potions of lignification
 i - 2 potions of mutation {unknown}
 j - 2 potions of heal wounds {unknown}
 k - 3 potions of curing {unknown}
 m - 4 potions of degeneration {unknown}
 o - a potion of attraction {unknown}
 w - a potion of berserk rage {unknown}


   Skills:
 + Level 3.1 Fighting
 + Level 6.7 Dodging
 + Level 9.5 Stealth
 * Level 3.2 Unarmed Combat


You had 5 spell levels left.
You didn't know any spells.
Your spell library was empty.

Dungeon Overview and Level Annotations

Branches:
Dungeon (5/15)             Temple (1/1) D:5

Altars:
Ashenzari
Cheibriados
Dithmenos
Elyvilon
Fedhas
Gozag
Kikubaaqudgha
Makhleb
Nemelex Xobeh
Okawaru
Qazlal
Ru
Sif Muna
Trog
Uskayaw
Vehumet
Wu Jian
Xom
Zin
The Shining One

Annotations:
D:3 1 runed translucent door, Crazy Yiuf, Ijyb, Robin


Innate Abilities, Weirdness & Mutations

You cannot wear armour.
You are incapable of wielding weapons or throwing items.
Your paws allow you to move quietly. (Stealth)
You have sharp claws.
You have razor-sharp teeth.
You have supernaturally acute eyesight. (SInv)
You cover ground quickly.
You are covered in thick fur. (AC +2)
Your sharp claws are effective at attacking unaware monsters.


Message History

Ijyb is heavily wounded.
Ijyb hits you with a +0 club.
* * * LOW HITPOINT WARNING * * *
You scratch Ijyb.
Ijyb is heavily wounded.
Ijyb screams, "Me stronger than you!" Ijyb misses you.
You closely miss Ijyb. You bite Ijyb, but do no damage.
Ijyb is heavily wounded.
You scratch Ijyb.
Ijyb is almost dead.
Ijyb hits you but does no damage.
You closely miss Ijyb.
Ijyb is almost dead.
Ijyb misses you.
You closely miss Ijyb.
Ijyb is severely wounded.
Ijyb zaps a wand.
You are blasted!
Ouch! That really hurt!
You die...

...###.###...#...##....#
...##........#...).....#
.#.##..#.........#...†g#####.
.#.##............#.#.........
...##......###...#.#..#####..
.#.....#...#..........###
.#...........#.#.##.....#
.#....................#.##
...........###)#@##......##
...###.#.###....g.........# ##.#
###.# #...#####.....## ##.#
#.###...##.....##.#
##.#####.......##.###.##.#######
......##.####..##.# #.##....>..#
.........##.....#.##...........#
##.##.##..#.....#.######.#####>#
...##...........#.##.....##....#


You could see Ijyb.

Vanquished Creatures
  An ogre (D:4)
  A phantom (D:5)
  A centaur (D:5)
  A hound (D:4)
  Natasha (thrice) (D:2)
  8 adders
  An ooze (D:2)
  An adder zombie (D:5)
  An adder skeleton (D:5)
  A worm (D:2)
  2 dart slugs (D:2)
  2 leopard geckos (D:1)
  2 orcs
  7 bats
  A giant cockroach (D:3)
  8 goblins
  5 hobgoblins
  3 quokkas
  A ball python (D:1)
  4 frilled lizards
  8 kobolds
  13 rats
75 creatures vanquished.

Notes
Turn   | Place    | Note
-------+----------+-------------------------------------------
     0 | D:5      | Descartes the Felid Delver began the quest for the Orb.
     0 | D:5      | Reached XP level 1. HP: 10/10 MP: 2/2
     1 | D:5      | Found a blossoming altar of Fedhas.
     3 | D:5      | Noticed a centaur
    32 | D:5      | Noticed a centaur
    37 | D:5      | Killed a centaur
    38 | D:5      | Reached skill level 7 in Stealth
    38 | D:5      | Reached XP level 2. HP: 14/14 MP: 3/3
    38 | D:5      | Reached XP level 3. HP: 17/17 MP: 4/4
    38 | D:5      | Reached XP level 4. HP: 21/21 MP: 5/5
   291 | D:5      | Noticed a phantom
   327 | D:5      | Killed a phantom
   328 | D:5      | Reached skill level 5 in Dodging
   328 | D:5      | Reached skill level 8 in Stealth
   328 | D:5      | Reached XP level 5. HP: 7/24 MP: 6/6
   572 | D:5      | Found a staircase to the Ecumenical Temple.
   581 | Temple   | Entered the Ecumenical Temple
   758 | D:4      | Found a sacrificial altar of Ru.
   758 | D:4      | Found an opulent altar of Gozag.
   759 | D:4      | Noticed an ogre
   770 | D:4      | Killed an ogre
   771 | D:4      | Reached skill level 9 in Stealth
   771 | D:4      | Gained mutation: You are covered in thick fur. (AC +2)
                  | [Felid growth]
   771 | D:4      | Reached XP level 6. HP: 28/28 MP: 7/7
  1203 | D:3      | Noticed Ijyb
  1233 | D:3      | Slain by Ijyb
  1234 | D:3      | Reached XP level 5. HP: -2/24 MP: 6/6
  1235 | D:3      | Found a runed translucent door.
  1236 | D:3      | Noticed Crazy Yiuf
  1615 | D:2      | Noticed Natasha
  1630 | D:2      | Killed Natasha
  1649 | D:2      | Noticed Natasha
  1672 | D:2      | Killed Natasha
  1767 | D:2      | Noticed Natasha
  1779 | D:2      | Killed Natasha
  1780 | D:2      | Reached XP level 6. HP: 13/28 MP: 7/7
  3152 | D:2      | Found an ornate altar of the Wu Jian Council.
  3186 | D:2      | Found a glowing silver altar of Zin.
  3472 | D:2      | Found a burning altar of Makhleb.
  3472 | D:2      | Found a shimmering altar of Xom.
  3708 | D:3      | Noticed Robin
  4051 | D:3      | Blown up by Ijyb

Illustrated notes

Levels and vault maps discovered:
D:1:      minmay_arrival_widening_spiral_wide, layout_basic,
          roderic_nine_men_s_morris, grunt_decor_fettered,
          minmay_misc_feat_encased, minmay_rat_gold_closets
D:2:      layout_basic, amethyst_overflow_temple_binary, lemuel_crystal_altar,
          lemuel_crystal_altar, kennysheep_generic_room_10, uniq_natasha
D:3:      layout_basic, uniq_robin, uniq_ijyb, uniq_crazy_yiuf_cottage
D:4:      layout_cave_pools, chequers_temple_overflow_statue_of_worship,
          hangedman_decor_points
D:5:      layout_basic, fedhas_bush_and_centaur_altar,
          minmay_temple_entry_drinking_statues, serial_park_tiny_1
Temple:   dshaligram_water_room_temple

Skill      XL: |  1  2  3  4  5 |
---------------+----------------+-----
Dodging        | 4 5 6 |  6.7
Stealth        | 7 8 9 |  9.5
Unarmed Combat | 3 |  3.2
Fighting       | |  3.1

Action                   |  1- 3 |  4- 6 || total
-------------------------+-------+-------++-------
Melee: Unarmed           |     1 |   239 ||   240
       Bite              |       |    26 ||    26
       Punch             |       |     1 ||     1
  Use: Potion            |       |     3 ||     3
 Stab: Sleeping          |     1 |    35 ||    36
       Distracted        |       |     1 ||     1
Armor: Skin              |       |    20 ||    20
Dodge: Dodged            |       |   168 ||   168

Table legend: (Time is in decaauts)
 A = Elapsed time spent in this place.
 B = Non-inter-level travel time spent in this place.
 C = Inter-level travel time spent in this place.
 D = Time resting spent in this place.
 E = Time spent auto-exploring this place.
 F = Levels seen in this place.
 G = Mean time per level.
                   A        B        C        D        E       F      G
               +--------+--------+--------+--------+--------+-----+--------+
         Total |   3553 |   3466 |     87 |    923 |   2017 |   6 |  592.2 |
       Dungeon |   3446 |   3376 |     70 |    923 |   1930 |   5 |  689.2 |
        Temple |    106 |     89 |     17 |      0 |     87 |   1 |  106.0 |
               +--------+--------+--------+--------+--------+-----+--------+

Top non-repeatable levels by time:
     D:2: 1165 daAuts
     D:1: 846 daAuts
     D:5: 527 daAuts
     D:3: 471 daAuts
     D:4: 436 daAuts
  Temple: 106 daAuts
